Workbook

Sheet Postings 2016
B2: Date | C2: Transaction | D2: DR | E2: CR | F2: Layer | G2: Amount | H2: Comment
B3: 42374 | C3: Investor puts money in | D3: 110130 Bank | E3: 300110 Capital stock | F3: CUR | G3: 5000000
B4: 42380 | C4: Sale of services | D4: 130100 Accounts Receivable | E4: 401300 Revenues | F4: CUR | G4: 800000
B5: 42383 | C5: Purchase of FA | D5: 180150 Fixed assets | E5: 200100 Accounts Payable | F5: CUR | G5: 250000
C6: Purchase of FA | D6: 180150 Fixed assets | E6: 900001 Local GAAP Bridge Account | F6: OP | G6: 250000 | H6: Automatically created via derived book linkage
C7: Purchase of FA | D7: 180150 Fixed assets | E7: 900002 Tax GAAP Bridge Account | F7: TAX | G7: 250000 | H7: Automatically created via derived book linkage
B8: 42399 | C8: Bad debt reserve | D8: 618170 Bad Debt Expense | E8: 218170 Liab. for bad debt | F8: CUR | G8: 8000
C9: Bad debt reserve | D9: 618170 Bad Debt Expense | E9: 218170 Liab. for bad debt | F9: OP | G9: -500 | H9: Manual delta posting. Reserve local GAAP: $7500
C10: Bad debt reserve | D10: 618170 Bad Debt Expense | E10: 218170 Liab. for bad debt | F10: TAX | G10: -3000 | H10: Manual delta posting. Reserve TAX GAAP: 5000
B11: 42400 | C11: Depreciation FA | D11: 607250 Depreciation expense | E11: 180250 Accum. Depreciation | F11: CUR | G11: =2083*12 -> 24996 | H11: Via separate depreciation proposal CUR layer
C12: Depreciation FA | D12: 607250 Depreciation expense | E12: 180250 Accum. Depreciation | F12: OP | G12: =1042*12 -> 12504 | H12: Via separate depreciation proposal OP layer
C13: Depreciation FA | D13: 607250 Depreciation expense | E13: 180250 Accum. Depreciation | F13: TAX | G13: =694*12 -> 8328 | H13: Via separate depreciation proposal TAX layer
B25: Assets | G25: Equity & Liabilities
D26: CUR | E26: OP | F26: TAX | I26: CUR | J26: OP | K26: TAX
B27: Fixed Assets | G27: Equity
B28: 180150 | C28: FA Trains EL | D28: 250000 | E28: 250000 | F28: 250000 | G28: 300110 | H28: Capital Stock | I28: -5000000
B29: 180250 | C29: FA Trains EL - Accum Depreciation | D29: -2083 | E29: -1041 | F29: -694 | G29: 300160 | H29: Retained Earnings
G30: 900001 | H30: Bridge OP Layer | J30: -250000
G31: 900002 | H31: Bridge TAX Layer | K31: -250000
B32: Current Assets | G32: Liablities
B33: 130100 | C33: Accounts Receivable | D33: 800000 | G33: 200100 | H33: Accounts Payable - Domestic | I33: -250000
B34: 110130 | C34: Bank Account - EUR | D34: 5000000 | G34: 218170 | H34: Other Contingent Liabilities for bad debt | I34: -8000 | J34: 500 | K34: 3000
B35: Total Assets | D35: =SUM(D27:D34) -> 6047917 | E35: =SUM(E27:E34) -> 248959 | F35: =SUM(F27:F34) -> 249306 | G35: Total Equity & Liabilities | I35: =SUM(I27:I34) -> -5258000 | J35: =SUM(J27:J34) -> -249500 | K35: =SUM(K27:K34) -> -247000
B39: P&L Statement
D40: CUR | E40: OP | F40: TAX
B41: Sales
B42: 401300 | C42: Other Revenues | D42: -800000
B43: Costs
B44: 607250 | C44: Depreciation Expense | D44: 2083 | E44: 1041 | F44: 694
B45: 618170 | C45: Bad Debt Expense | D45: 8000 | E45: -500 | F45: -3000
B46: Total Profit/Loss | D46: =SUM(D41:D45) -> -789917 | E46: =SUM(E41:E45) -> 541 | F46: =SUM(F41:F45) -> -2306

Sheet Example (1)
B1: 31 Dec 2016
B3: Assets | G3: Equity & Liabilities
D4: CUR | E4: OP | F4: TAX | I4: CUR | J4: OP | K4: TAX
B5: Fixed Assets | G5: Equity
B6: 180150 | C6: FA Trains EL | D6: 250000 | E6: 250000 | F6: 250000 | G6: 300110 | H6: Capital Stock | I6: -5000000
B7: 180250 | C7: FA Trains EL - Accum Depreciation | D7: =-'Postings 2016'!G11 -> -24996 | E7: =-'Postings 2016'!G12 -> -12504 | F7: =-'Postings 2016'!G13 -> -8328 | G7: 300160 | H7: Retained Earnings
G8: 900001 | H8: Bridge OP Layer | J8: -250000
G9: 900002 | H9: Bridge TAX Layer | K9: -250000
B10: Current Assets | G10: Liablities
B11: 130100 | C11: Accounts Receivable | D11: 800000 | G11: 200100 | H11: Accounts Payable - Domestic | I11: -250000
B12: 110130 | C12: Bank Account - EUR | D12: 5000000 | G12: 218170 | H12: Other Contingent Liabilities for bad debt | I12: -8000 | J12: 500 | K12: 3000
B13: Total Assets | D13: =SUM(D5:D12) -> 6025004 | E13: =SUM(E5:E12) -> 237496 | F13: =SUM(F5:F12) -> 241672 | G13: Total Equity & Liabilities | I13: =SUM(I5:I12) -> -5258000 | J13: =SUM(J5:J12) -> -249500 | K13: =SUM(K5:K12) -> -247000
B17: P&L Statement
D18: CUR | E18: OP | F18: TAX
B19: Sales
B20: 401300 | C20: Other Revenues | D20: -800000
B21: Costs
B22: 607250 | C22: Depreciation Expense | D22: =-D7 -> 24996 | E22: =-E7 -> 12504 | F22: =-F7 -> 8328
B23: 618170 | C23: Bad Debt Expense | D23: 8000 | E23: -500 | F23: -3000
B24: Total Profit/Loss | D24: =SUM(D19:D23) -> -767004 | E24: =SUM(E19:E23) -> 12004 | F24: =SUM(F19:F23) -> 5328

Sheet Example (2)
B1: 31 Dec 2016
B3: Assets | H3: Equity & Liabilities
D4: CUR | E4: OP | F4: CUR + OP | G4: TAX | J4: CUR | K4: OP | L4: CUR + OP | M4: TAX
B5: Fixed Assets | H5: Equity
B6: 180150 | C6: FA Trains EL | D6: 250000 | E6: 250000 | F6: =D6+E6 -> 500000 | G6: 250000 | H6: 300110 | I6: Capital Stock | J6: -5000000 | L6: =J6+K6 -> -5000000
B7: 180250 | C7: FA Trains EL - Accum Depreciation | D7: ='Example (1)'!D7 -> -24996 | E7: ='Example (1)'!E7 -> -12504 | F7: =D7+E7 -> -37500 | G7: ='Example (1)'!F7 -> -8328 | H7: 300160 | I7: Retained Earnings
H8: 900001 | I8: Bridge OP Layer | K8: -250000 | L8: =J8+K8 -> -250000
H9: 900002 | I9: Bridge TAX Layer | M9: -250000
B10: Current Assets | H10: Liablities
B11: 130100 | C11: Accounts Receivable | D11: 800000 | F11: =D11+E11 -> 800000 | H11: 200100 | I11: Accounts Payable - Domestic | J11: -250000 | L11: =J11+K11 -> -250000
B12: 110130 | C12: Bank Account - EUR | D12: 5000000 | F12: =D12+E12 -> 5000000 | H12: 218170 | I12: Other Contingent Liabilities for bad debt | J12: -8000 | K12: 500 | L12: =J12+K12 -> -7500 | M12: 3000
B13: Total Assets | D13: =SUM(D5:D12) -> 6025004 | E13: =SUM(E5:E12) -> 237496 | F13: =SUM(F5:F12) -> 6262500 | G13: =SUM(G5:G12) -> 241672 | H13: Total Equity & Liabilities | J13: =SUM(J5:J12) -> -5258000 | K13: =SUM(K5:K12) -> -249500 | L13: =SUM(L5:L12) -> -5507500 | M13: =SUM(M5:M12) -> -247000
B17: P&L Statement
D18: CUR | E18: OP | F18: CUR + OP | G18: TAX
B19: Sales
B20: 401300 | C20: Other Revenues | D20: -800000 | F20: =D20+E20 -> -800000
B21: Costs
B22: 607250 | C22: Depreciation Expense | D22: =-D7 -> 24996 | E22: =-E7 -> 12504 | F22: =D22+E22 -> 37500 | G22: =-G7 -> 8328
B23: 618170 | C23: Bad Debt Expense | D23: 8000 | E23: -500 | F23: =D23+E23 -> 7500 | G23: -3000
B24: Total Profit/Loss | D24: =SUM(D19:D23) -> -767004 | E24: =SUM(E19:E23) -> 12004 | F24: =SUM(F19:F23) -> -755000 | G24: =SUM(G19:G23) -> 5328
F27: red numbers are wrong

Sheet Example (3)
B1: 31 Dec 2016
B3: Assets | H3: Equity & Liabilities
D4: CUR | E4: OP | F4: ManReporter OP | G4: TAX | J4: CUR | K4: OP | L4: ManReporter OP | M4: TAX
B5: Fixed Assets | H5: Equity
B6: 180150 | C6: FA Trains EL | D6: 250000 | E6: 250000 | F6: =D6 -> 250000 | G6: 250000 | H6: 300110 | I6: Capital Stock | J6: -5000000 | L6: =J6+K6 -> -5000000
B7: 180250 | C7: FA Trains EL - Accum Depreciation | D7: ='Example (2)'!D7 -> -24996 | E7: ='Example (2)'!E7 -> -12504 | F7: =E7 -> -12504 | G7: ='Example (2)'!G7 -> -8328 | H7: 300160 | I7: Retained Earnings
H8: 900001 | I8: Bridge OP Layer | K8: -250000
H9: 900002 | I9: Bridge TAX Layer | M9: -250000
B10: Current Assets | H10: Liablities
B11: 130100 | C11: Accounts Receivable | D11: 800000 | F11: =D11+E11 -> 800000 | H11: 200100 | I11: Accounts Payable - Domestic | J11: -250000 | L11: =J11+K11 -> -250000
B12: 110130 | C12: Bank Account - EUR | D12: 5000000 | F12: =D12+E12 -> 5000000 | H12: 218170 | I12: Other Contingent Liabilities for bad debt | J12: -8000 | K12: 500 | L12: =J12+K12 -> -7500 | M12: 3000
B13: Total Assets | D13: =SUM(D5:D12) -> 6025004 | E13: =SUM(E5:E12) -> 237496 | F13: =SUM(F5:F12) -> 6037496 | G13: =SUM(G5:G12) -> 241672 | H13: Total Equity & Liabilities | J13: =SUM(J5:J12) -> -5258000 | K13: =SUM(K5:K12) -> -249500 | L13: =SUM(L5:L12) -> -5257500 | M13: =SUM(M5:M12) -> -247000
B17: P&L Statement
D18: CUR | E18: OP | F18: ManReporter OP | G18: TAX
B19: Sales
B20: 401300 | C20: Other Revenues | D20: -800000 | F20: =D20+E20 -> -800000
B21: Costs
B22: 607250 | C22: Depreciation Expense | D22: =-D7 -> 24996 | E22: =-E7 -> 12504 | F22: =-F7 -> 12504 | G22: 694
B23: 618170 | C23: Bad Debt Expense | D23: 8000 | E23: -500 | F23: =D23+E23 -> 7500 | G23: -3000
B24: Total Profit/Loss | D24: =SUM(D19:D23) -> -767004 | E24: =SUM(E19:E23) -> 12004 | F24: =SUM(F19:F23) -> -779996 | G24: =SUM(G19:G23) -> -2306

Sheet Example (4)
B1: 31 Dec 2016
B3: Assets | I3: Equity & Liabilities
D4: CUR | E4: OP | F4: ManReporter OP | G4: TAX | H4: ManReporter TAX | K4: CUR | L4: OP | M4: ManReporter OP | N4: TAX | O4: ManReporter TAX
B5: Fixed Assets | I5: Equity
B6: 180150 | C6: FA Trains EL | D6: 250000 | E6: 250000 | F6: =D6 -> 250000 | G6: 250000 | H6: =D6 -> 250000 | I6: 300110 | J6: Capital Stock | K6: -5000000 | M6: =K6+L6 -> -5000000 | O6: =K6 -> -5000000
B7: 180250 | C7: FA Trains EL - Accum Depreciation | D7: ='Example (3)'!D7 -> -24996 | E7: ='Example (3)'!E7 -> -12504 | F7: =E7 -> -12504 | G7: ='Example (3)'!G7 -> -8328 | H7: =G7 -> -8328 | I7: 300160 | J7: Retained Earnings
I8: 900001 | J8: Bridge OP Layer | L8: -250000
I9: 900002 | J9: Bridge TAX Layer | N9: -250000
B10: Current Assets | I10: Liablities
B11: 130100 | C11: Accounts Receivable | D11: 800000 | F11: =D11+E11 -> 800000 | H11: =D11 -> 800000 | I11: 200100 | J11: Accounts Payable - Domestic | K11: -250000 | M11: =K11+L11 -> -250000 | O11: =K11 -> -250000
B12: 110130 | C12: Bank Account - EUR | D12: 5000000 | F12: =D12+E12 -> 5000000 | H12: =D12 -> 5000000 | I12: 218170 | J12: Other Contingent Liabilities for bad debt | K12: -8000 | L12: 500 | M12: =K12+L12 -> -7500 | N12: 3000 | O12: =N12+K12 -> -5000
B13: Total Assets | D13: =SUM(D5:D12) -> 6025004 | E13: =SUM(E5:E12) -> 237496 | F13: =SUM(F5:F12) -> 6037496 | G13: =SUM(G5:G12) -> 241672 | H13: =SUM(H5:H12) -> 6041672 | I13: Total Equity & Liabilities | K13: =SUM(K5:K12) -> -5258000 | L13: =SUM(L5:L12) -> -249500 | M13: =SUM(M5:M12) -> -5257500 | N13: =SUM(N5:N12) -> -247000 | O13: =SUM(O5:O12) -> -5255000
B17: P&L Statement
D18: CUR | E18: OP | F18: ManReporter OP | G18: TAX | H18: ManReporter TAX
B19: Sales
B20: 401300 | C20: Other Revenues | D20: -800000 | F20: =D20+E20 -> -800000 | H20: =D20 -> -800000
B21: Costs
B22: 607250 | C22: Depreciation Expense | D22: =-D7 -> 24996 | E22: =-E7 -> 12504 | F22: =-F7 -> 12504 | G22: =-G7 -> 8328 | H22: =G22 -> 8328
B23: 618170 | C23: Bad Debt Expense | D23: 8000 | E23: -500 | F23: =D23+E23 -> 7500 | G23: -3000 | H23: =G23+D23 -> 5000
B24: Total Profit/Loss | D24: =SUM(D19:D23) -> -767004 | E24: =SUM(E19:E23) -> 12004 | F24: =SUM(F19:F23) -> -779996 | G24: =SUM(G19:G23) -> 5328 | H24: =SUM(H19:H23) -> -786672

Sheet YE2016 Voucher
B2: Opening transactions 1.1.2017
B4: Journal number | C4: Voucher | D4: Date | E4: Year closed | F4: Ledger account | G4: Account name | H4: Description | I4: Currency | J4: Amount in transaction currency | K4: Amount | L4: Amount in reporting currency | M4: Posting type | N4: Posting layer | O4: Created by | P4: Created date and time
B5: DE6-000031 | C5: YE2016-DE6 | D5: 42736 | E5: No | F5: 180250-- | G5: Trains Electric - Accum. Depreciation | I5: EUR | J5: -24996 | K5: -24996 | L5: 0 | N5: Current | O5: ludwig | P5: 43319.334
B6: DE6-000031 | C6: YE2016-DE6 | D6: 42736 | E6: No | F6: 218170-- | G6: Other contingent liabilities for bad debt | I6: EUR | J6: -8000 | K6: -8000 | L6: 0 | N6: Current | O6: ludwig | P6: 43319.334
B7: DE6-000031 | C7: YE2016-DE6 | D7: 42736 | E7: No | F7: 180150-- | G7: Trains Electric | I7: EUR | J7: 250000 | K7: 250000 | L7: 0 | N7: Current | O7: ludwig | P7: 43319.334
B8: DE6-000031 | C8: YE2016-DE6 | D8: 42736 | E8: No | F8: 300110-- | G8: Capital Stock | I8: EUR | J8: -5000000 | K8: -5000000 | L8: 0 | N8: Current | O8: ludwig | P8: 43319.334
B9: DE6-000031 | C9: YE2016-DE6 | D9: 42736 | E9: No | F9: 130100-- | G9: Accounts Receivable - Domestic | I9: EUR | J9: 800000 | K9: 800000 | L9: 0 | N9: Current | O9: ludwig | P9: 43319.334
B10: DE6-000031 | C10: YE2016-DE6 | D10: 42736 | E10: No | F10: 110130-- | G10: Bank Account - EUR | I10: EUR | J10: 5000000 | K10: 5000000 | L10: 0 | N10: Current | O10: ludwig | P10: 43319.334
B11: DE6-000031 | C11: YE2016-DE6 | D11: 42736 | E11: No | F11: 300160-- | G11: Retained Earnings | I11: EUR | J11: -767004 | K11: -767004 | L11: 0 | N11: Current | O11: ludwig | P11: 43319.334
B12: DE6-000031 | C12: YE2016-DE6 | D12: 42736 | E12: No | F12: 200100-- | G12: Accounts Payable - Domestic | I12: EUR | J12: -250000 | K12: -250000 | L12: 0 | N12: Current | O12: ludwig | P12: 43319.334
B13: DE6-000032 | C13: YE2016-DE6 | D13: 42736 | E13: No | F13: 180250-- | G13: Trains Electric - Accum. Depreciation | I13: EUR | J13: -12504 | K13: -12504 | L13: 0 | N13: Operations | O13: ludwig | P13: 43319.334
B14: DE6-000032 | C14: YE2016-DE6 | D14: 42736 | E14: No | F14: 218170-- | G14: Other contingent liabilities for bad debt | I14: EUR | J14: 500 | K14: 500 | L14: 0 | N14: Operations | O14: ludwig | P14: 43319.334
B15: DE6-000032 | C15: YE2016-DE6 | D15: 42736 | E15: No | F15: 900001---- | G15: LOCAL GAAP BRIDGE | I15: EUR | J15: -250000 | K15: -250000 | L15: 0 | N15: Operations | O15: ludwig | P15: 43319.334
B16: DE6-000032 | C16: YE2016-DE6 | D16: 42736 | E16: No | F16: 180150-- | G16: Trains Electric | I16: EUR | J16: 250000 | K16: 250000 | L16: 0 | N16: Operations | O16: ludwig | P16: 43319.334
... B22: DE6-000033 | C22: YE2016-DE6 | D22: 42736 | E22: No | F22: 300160-- | G22: Retained Earnings | I22: EUR | J22: 5328 | K22: 5328 | L22: 0 | N22: Tax | O22: ludwig | P22: 43319.334

Sheet Example (5)
B1: 42736
B3: Assets | I3: Equity & Liabilities
D4: CUR | E4: OP | F4: ManReporter OP | G4: TAX | H4: ManReporter TAX | K4: CUR | L4: OP | M4: ManReporter OP | N4: TAX | O4: ManReporter TAX
B5: Fixed Assets | I5: Equity
B6: 180150 | C6: FA Trains EL | D6: 250000 | E6: 250000 | F6: =D6 -> 250000 | G6: 250000 | H6: =D6 -> 250000 | I6: 300110 | J6: Capital Stock | K6: -5000000 | M6: =K6+L6 -> -5000000 | O6: =K6 -> -5000000
B7: 180250 | C7: FA Trains EL - Accum Depreciation | D7: ='Example (3)'!D7 -> -24996 | E7: ='Example (3)'!E7 -> -12504 | F7: =E7 -> -12504 | G7: ='Example (3)'!G7 -> -8328 | H7: =G7 -> -8328 | I7: 300160 | J7: Retained Earnings | K7: ='YE2016 Voucher'!K11 -> -767004 | L7: 12004 | M7: ='YE2016 Voucher'!K17+K7 -> -755000 | N7: 5328 | O7: ='YE2016 Voucher'!K22+K7 -> -761676
I8: 900001 | J8: Bridge OP Layer | L8: -250000
I9: 900002 | J9: Bridge TAX Layer | N9: -250000
B10: Current Assets | I10: Liablities
B11: 130100 | C11: Accounts Receivable | D11: 800000 | F11: =D11+E11 -> 800000 | H11: =D11 -> 800000 | I11: 200100 | J11: Accounts Payable - Domestic | K11: -250000 | M11: =K11+L11 -> -250000 | O11: =K11 -> -250000
B12: 110130 | C12: Bank Account - EUR | D12: 5000000 | F12: =D12+E12 -> 5000000 | H12: =D12 -> 5000000 | I12: 218170 | J12: Other Contingent Liabilities for bad debt | K12: -8000 | L12: 500 | M12: =K12+L12 -> -7500 | N12: 3000 | O12: =N12+K12 -> -5000
B13: Total Assets | D13: =SUM(D5:D12) -> 6025004 | E13: =SUM(E5:E12) -> 237496 | F13: =SUM(F5:F12) -> 6037496 | G13: =SUM(G5:G12) -> 241672 | H13: =SUM(H5:H12) -> 6041672 | I13: Total Equity & Liabilities | K13: =SUM(K5:K12) -> -6025004 | L13: =SUM(L5:L12) -> -237496 | M13: =SUM(M5:M12) -> -6012500 | N13: =SUM(N5:N12) -> -241672 | O13: =SUM(O5:O12) -> -6016676
M16: wrong profit | O16: wrong profit
B17: P&L Statement
D18: CUR | E18: OP | F18: ManReporter OP | G18: TAX | H18: ManReporter TAX
B19: Sales
B20: 401300 | C20: Other Revenues
B21: Costs
B22: 607250 | C22: Depreciation Expense
B23: 618170 | C23: Bad Debt Expense
B24: Total Profit/Loss | D24: =SUM(D19:D23) -> 0 | E24: =SUM(E19:E23) -> 0 | F24: =SUM(F19:F23) -> 0 | G24: =SUM(G19:G23) -> 0 | H24: =SUM(H19:H23) -> 0

Sheet Example (6)
B1: 42736
B3: Assets | I3: Equity & Liabilities
D4: CUR | E4: OP | F4: ManReporter OP | G4: TAX | H4: ManReporter TAX | K4: CUR | L4: OP | M4: ManReporter OP | N4: TAX | O4: ManReporter TAX
B5: Fixed Assets | I5: Equity
B6: 180150 | C6: FA Trains EL | D6: 250000 | E6: 250000 | F6: =D6 -> 250000 | G6: 250000 | H6: =D6 -> 250000 | I6: 300110 | J6: Capital Stock | K6: -5000000 | M6: =K6+L6 -> -5000000 | O6: =K6 -> -5000000
B7: 180250 | C7: FA Trains EL - Accum Depreciation | D7: ='Example (3)'!D7 -> -24996 | E7: ='Example (3)'!E7 -> -12504 | F7: =E7 -> -12504 | G7: ='Example (3)'!G7 -> -8328 | H7: =G7 -> -8328 | I7: 300160 | J7: Retained Earnings | K7: ='YE2016 Voucher'!K11 -> -767004 | L7: ='Example (5)'!L7-N23 -> 12004 | M7: ='YE2016 Voucher'!K17+K7 -> -755000 | N7: ='Example (5)'!N7-N24 -> 5328 | O7: ='YE2016 Voucher'!K22+K7-N24 -> -761676
I8: 900001 | J8: Bridge OP Layer | L8: -250000
I9: 900002 | J9: Bridge TAX Layer | N9: -250000
I10: MR correction position for double counting effect | M10: =D7 -> -24996 | O10: =D7 -> -24996
B11: Current Assets | I11: Liablities
B12: 130100 | C12: Accounts Receivable | D12: 800000 | F12: =D12+E12 -> 800000 | H12: =D12 -> 800000 | I12: 200100 | J12: Accounts Payable - Domestic | K12: -250000 | M12: =K12+L12 -> -250000 | O12: =K12 -> -250000
B13: 110130 | C13: Bank Account - EUR | D13: 5000000 | F13: =D13+E13 -> 5000000 | H13: =D13 -> 5000000 | I13: 218170 | J13: Other Contingent Liabilities for bad debt | K13: -8000 | L13: 500 | M13: =K13+L13 -> -7500 | N13: 3000 | O13: =N13+K13 -> -5000
B14: Total Assets | D14: =SUM(D5:D13) -> 6025004 | E14: =SUM(E5:E13) -> 237496 | F14: =SUM(F5:F13) -> 6037496 | G14: =SUM(G5:G13) -> 241672 | H14: =SUM(H5:H13) -> 6041672 | I14: Total Equity & Liabilities | K14: =SUM(K5:K13) -> -6025004 | L14: =SUM(L5:L13) -> -237496 | M14: =SUM(M5:M13) -> -6037496 | N14: =SUM(N5:N13) -> -241672 | O14: =SUM(O5:O13) -> -6041672
B18: P&L Statement
D19: CUR | E19: OP | F19: ManReporter OP | G19: TAX | H19: ManReporter TAX
B20: Sales
B21: 401300 | C21: Other Revenues
B22: Costs
B23: 607250 | C23: Depreciation Expense
B24: 618170 | C24: Bad Debt Expense
B25: Total Profit/Loss | D25: =SUM(D20:D24) -> 0 | E25: =SUM(E20:E24) -> 0 | F25: =SUM(F20:F24) -> 0 | G25: =SUM(G20:G24) -> 0 | H25: =SUM(H20:H24) -> 0

Sheet Postings 2017
B3: Date | C3: Transaction | D3: DR | E3: CR | F3: Layer | G3: Amount | H3: Comment
B4: 42765 | C4: Bad debt reserve | D4: 618170 | E4: 218170 | F4: CUR | G4: 250
D5: 618170 | E5: 218170 | F5: OP | G5: -100
D6: 618170 | E6: 218170 | F6: TAX | G6: -150
B8: 42766 | C8: Depreciation FA | D8: 607250 | E8: 180250 | F8: CUR | G8: 5000 | H8: manual calc and posted
C9: Depreciation FA | D9: 607250 | E9: 180250 | F9: OP | G9: 4000 | H9: manual calc and posted
C10: Depreciation FA | D10: 607250 | E10: 180250 | F10: TAX | G10: 3000 | H10: manual calc and posted

Sheet Example (7)
B1: 43100
B3: Assets | I3: Equity & Liabilities
D4: CUR | E4: OP | F4: ManReporter OP | G4: TAX | H4: ManReporter TAX | K4: CUR | L4: OP | M4: ManReporter OP | N4: TAX | O4: ManReporter TAX
B5: Fixed Assets | I5: Equity
B6: 180150 | C6: FA Trains EL | D6: 250000 | E6: 250000 | F6: =D6 -> 250000 | G6: 250000 | H6: =D6 -> 250000 | I6: 300110 | J6: Capital Stock | K6: -5000000 | M6: =K6+L6 -> -5000000 | O6: =K6 -> -5000000
B7: 180250 | C7: FA Trains EL - Accum Depreciation | D7: ='Example (3)'!D7-D23 -> -29996 | E7: ='Example (3)'!E7-E23 -> -16504 | F7: =E7 -> -16504 | G7: ='Example (3)'!G7-G23 -> -11328 | H7: =G7 -> -11328 | I7: 300160 | J7: Retained Earnings | K7: ='YE2016 Voucher'!K11 -> -767004 | L7: ='Example (6)'!L7 -> 12004 | M7: ='Example (6)'!M7 -> -755000 | N7: ='Example (6)'!N7 -> 5328 | O7: ='Example (6)'!O7 -> -761676
I8: 900001 | J8: Bridge OP Layer | L8: -250000
I9: 900002 | J9: Bridge TAX Layer | N9: -250000
I10: MR correction position for double counting effect | M10: ='Example (6)'!D7 -> -24996 | O10: ='Example (6)'!D7 -> -24996
B11: Current Assets | I11: Liablities
B12: 130100 | C12: Accounts Receivable | D12: 800000 | F12: =D12+E12 -> 800000 | H12: =D12 -> 800000 | I12: 200100 | J12: Accounts Payable - Domestic | K12: -250000 | M12: =K12+L12 -> -250000 | O12: =K12 -> -250000
B13: 110130 | C13: Bank Account - EUR | D13: 5000000 | F13: =D13+E13 -> 5000000 | H13: =D13 -> 5000000 | I13: 218170 | J13: Other Contingent Liabilities for bad debt | K13: =-8000-'Postings 2017'!G4 -> -8250 | L13: =500-'Postings 2017'!G5 -> 600 | M13: =K13+L13 -> -7650 | N13: =3000-G24 -> 3150 | O13: =N13+K13 -> -5100
B14: Total Assets | D14: =SUM(D5:D13) -> 6020004 | E14: =SUM(E5:E13) -> 233496 | F14: =SUM(F5:F13) -> 6033496 | G14: =SUM(G5:G13) -> 238672 | H14: =SUM(H5:H13) -> 6038672 | I14: Total Equity & Liabilities | K14: =SUM(K5:K13) -> -6025254 | L14: =SUM(L5:L13) -> -237396 | M14: =SUM(M5:M13) -> -6037646 | N14: =SUM(N5:N13) -> -241522 | O14: =SUM(O5:O13) -> -6041772
B18: P&L Statement
D19: CUR | E19: OP | F19: ManReporter OP | G19: TAX | H19: ManReporter TAX
B20: Sales
B21: 401300 | C21: Other Revenues
B22: Costs
B23: 607250 | C23: Depreciation Expense | D23: ='Postings 2017'!G8 -> 5000 | E23: ='Postings 2017'!G9 -> 4000 | F23: =E23 -> 4000 | G23: ='Postings 2017'!G10 -> 3000 | H23: =G23 -> 3000
B24: 618170 | C24: Bad Debt Expense | D24: ='Postings 2017'!G4 -> 250 | E24: ='Postings 2017'!G5 -> -100 | F24: =D24+E24 -> 150 | G24: ='Postings 2017'!G6 -> -150 | H24: =D24+G24 -> 100
B25: Total Profit/Loss | D25: =SUM(D20:D24) -> 5250 | E25: =SUM(E20:E24) -> 3900 | F25: =SUM(F20:F24) -> 4150 | G25: =SUM(G20:G24) -> 2850 | H25: =SUM(H20:H24) -> 3100

Sheet YE2017 Voucher
C3: Journal number | D3: Voucher | E3: Date | F3: Year closed | G3: Ledger account | H3: Account name | I3: Description | J3: Currency | K3: Amount in transaction currency | L3: Amount | M3: Amount in reporting currency | N3: Posting type | O3: Posting layer | P3: Created by | Q3: Created date and time
C5: DE6-000051 | D5: YE2017-DE6 | E5: 43101 | F5: No | G5: 180250-- | H5: Trains Electric - Accum. Depreciation | J5: EUR | K5: -29996 | L5: -29996 | M5: 0 | O5: Current | P5: ludwig | Q5: 43319.364
C6: DE6-000051 | D6: YE2017-DE6 | E6: 43101 | F6: No | G6: 218170-- | H6: Other contingent liabilities for bad debt | J6: EUR | K6: -8250 | L6: -8250 | M6: 0 | O6: Current | P6: ludwig | Q6: 43319.364
C7: DE6-000051 | D7: YE2017-DE6 | E7: 43101 | F7: No | G7: 180150-- | H7: Trains Electric | J7: EUR | K7: 250000 | L7: 250000 | M7: 0 | O7: Current | P7: ludwig | Q7: 43319.364
C8: DE6-000051 | D8: YE2017-DE6 | E8: 43101 | F8: No | G8: 300110-- | H8: Capital Stock | J8: EUR | K8: -5000000 | L8: -5000000 | M8: 0 | O8: Current | P8: ludwig | Q8: 43319.364
C9: DE6-000051 | D9: YE2017-DE6 | E9: 43101 | F9: No | G9: 130100-- | H9: Accounts Receivable - Domestic | J9: EUR | K9: 800000 | L9: 800000 | M9: 0 | O9: Current | P9: ludwig | Q9: 43319.364
C10: DE6-000051 | D10: YE2017-DE6 | E10: 43101 | F10: No | G10: 110130-- | H10: Bank Account - EUR | J10: EUR | K10: 5000000 | L10: 5000000 | M10: 0 | O10: Current | P10: ludwig | Q10: 43319.364
C11: DE6-000051 | D11: YE2017-DE6 | E11: 43101 | F11: No | G11: 300160-- | H11: Retained Earnings | J11: EUR | K11: -761754 | L11: -761754 | M11: 0 | O11: Current | P11: ludwig | Q11: 43319.364
C12: DE6-000051 | D12: YE2017-DE6 | E12: 43101 | F12: No | G12: 200100-- | H12: Accounts Payable - Domestic | J12: EUR | K12: -250000 | L12: -250000 | M12: 0 | O12: Current | P12: ludwig | Q12: 43319.364
C13: DE6-000052 | D13: YE2017-DE6 | E13: 43101 | F13: No | G13: 180250-- | H13: Trains Electric - Accum. Depreciation | J13: EUR | K13: -16504 | L13: -16504 | M13: 0 | O13: Operations | P13: ludwig | Q13: 43319.364
C14: DE6-000052 | D14: YE2017-DE6 | E14: 43101 | F14: No | G14: 218170-- | H14: Other contingent liabilities for bad debt | J14: EUR | K14: 600 | L14: 600 | M14: 0 | O14: Operations | P14: ludwig | Q14: 43319.364
C15: DE6-000052 | D15: YE2017-DE6 | E15: 43101 | F15: No | G15: 900001---- | H15: LOCAL GAAP BRIDGE | J15: EUR | K15: -250000 | L15: -250000 | M15: 0 | O15: Operations | P15: ludwig | Q15: 43319.364
C16: DE6-000052 | D16: YE2017-DE6 | E16: 43101 | F16: No | G16: 180150-- | H16: Trains Electric | J16: EUR | K16: 250000 | L16: 250000 | M16: 0 | O16: Operations | P16: ludwig | Q16: 43319.364
... C22: DE6-000053 | D22: YE2017-DE6 | E22: 43101 | F22: No | G22: 300160-- | H22: Retained Earnings | J22: EUR | K22: 8178 | L22: 8178 | M22: 0 | O22: Tax | P22: ludwig | Q22: 43319.364

Sheet Example (8)
B1: 43101
B3: Assets | I3: Equity & Liabilities
D4: CUR | E4: OP | F4: ManReporter OP | G4: TAX | H4: ManReporter TAX | K4: CUR | L4: OP | M4: ManReporter OP | N4: TAX | O4: ManReporter TAX
B5: Fixed Assets | I5: Equity
B6: 180150 | C6: FA Trains EL | D6: 250000 | E6: 250000 | F6: =D6 -> 250000 | G6: 250000 | H6: =D6 -> 250000 | I6: 300110 | J6: Capital Stock | K6: -5000000 | M6: =K6+L6 -> -5000000 | O6: =K6 -> -5000000
B7: 180250 | C7: FA Trains EL - Accum Depreciation | D7: ='Example (7)'!D7 -> -29996 | E7: ='Example (7)'!E7 -> -16504 | F7: =E7 -> -16504 | G7: ='Example (7)'!G7 -> -11328 | H7: =G7 -> -11328 | I7: 300160 | J7: Retained Earnings | K7: ='YE2017 Voucher'!L11 -> -761754 | L7: ='YE2017 Voucher'!L17 -> 15904 | M7: ='YE2017 Voucher'!L11+'YE2017 Voucher'!L17 -> -745850 | N7: ='Example (6)'!N7 -> 5328 | O7: ='YE2017 Voucher'!L22+'YE2017 Voucher'!L11 -> -753576
I8: 900001 | J8: Bridge OP Layer | L8: -250000
I9: 900002 | J9: Bridge TAX Layer | N9: -250000
I10: MR correction position for double counting effect | M10: =D7 -> -29996 | O10: =D7 -> -29996
B11: Current Assets | I11: Liablities
B12: 130100 | C12: Accounts Receivable | D12: 800000 | F12: =D12+E12 -> 800000 | H12: =D12 -> 800000 | I12: 200100 | J12: Accounts Payable - Domestic | K12: -250000 | M12: =K12+L12 -> -250000 | O12: =K12 -> -250000
B13: 110130 | C13: Bank Account - EUR | D13: 5000000 | F13: =D13+E13 -> 5000000 | H13: =D13 -> 5000000 | I13: 218170 | J13: Other Contingent Liabilities for bad debt | K13: =-8000-'Postings 2017'!G4 -> -8250 | L13: =500-'Postings 2017'!G5 -> 600 | M13: =K13+L13 -> -7650 | N13: =3000-G24 -> 3000 | O13: =N13+K13 -> -5250
B14: Total Assets | D14: =SUM(D5:D13) -> 6020004 | E14: =SUM(E5:E13) -> 233496 | F14: =SUM(F5:F13) -> 6033496 | G14: =SUM(G5:G13) -> 238672 | H14: =SUM(H5:H13) -> 6038672 | I14: Total Equity & Liabilities | K14: =SUM(K5:K13) -> -6020004 | L14: =SUM(L5:L13) -> -233496 | M14: =SUM(M5:M13) -> -6033496 | N14: =SUM(N5:N13) -> -241672 | O14: =SUM(O5:O13) -> -6038822
B18: P&L Statement
D19: CUR | E19: OP | F19: ManReporter OP | G19: TAX | H19: ManReporter TAX | L19: profit 2016 | M19: ='Example (6)'!M7+'Example (6)'!M10 -> -779996 | O19: ='Example (6)'!O7+'Example (6)'!O10 -> -786672
B20: Sales | L20: loss 2017 | M20: ='Example (7)'!F25 -> 4150 | O20: ='Example (7)'!H25 -> 3100
B21: 401300 | C21: Other Revenues | M21: =SUM(M19:M20) -> -775846 | O21: =SUM(O19:O20) -> -783572
B22: Costs
B23: 607250 | C23: Depreciation Expense
B24: 618170 | C24: Bad Debt Expense
B25: Total Profit/Loss
